 Dungeon Crawl Stone Soup version 0.28.0-53-g5a82cb258f (webtiles) character file.

Game seed: 17482638221267480511

256 cbfl8 the Chopper (level 5, -1/42 HPs)
             Began as a Demonspawn Berserker on July 18, 2022.
             Was a Believer of Trog.
             Engulfed by a cloud of steam (11 damage)
             ... on level 3 of the Dungeon.
             The game lasted 00:02:19 (1864 turns).

cbfl8 the Chopper (Demonspawn Berserker)            Turns: 1864, Time: 00:02:20

Health: -1/42      AC:  5    Str: 19    XL:     5   Next: 92%
Magic:  5/5        EV: 11    Int:  8    God:    Trog [**....]
Gold:   77         SH:  0    Dex: 13    Spells: 4/4 levels left

rFire   . . .      SeeInvis .   a - +0 hand axe
rCold   . . .      Faith    .   (no shield)
rNeg    + . .      Spirit   .   h - +0 ring mail
rPois   .          Reflect  .   (no helmet)
rElec   .          Harm     .   (no cloak)
rCorr   .          Rampage  .   (no gloves)
Will    ++...                   (no boots)
Stlth   +.........              (no amulet)
HPRegen 1.14/turn               l - ring of positive energy
MPRegen 0.09/turn               (no ring)

@: strong-willed (expiring), on berserk cooldown, regenerating (expiring),
slowed, very slow
A: claws 1, foul stench 1, powered by death 1
a: Renounce Religion, Berserk, Trog's Hand


You were on level 3 of the Dungeon.
You worshipped Trog.
Trog was pleased with you.
You visited 1 branch of the dungeon, and saw 3 of its levels.

You collected 77 gold pieces.

Inventory:

Hand Weapons
 a - a +0 hand axe (weapon)
Armour
 b - a +0 animal skin
 h - a +0 ring mail (worn)
Jewellery
 l - a ring of positive energy (left claw)
Scrolls
 c - a scroll of teleportation {unknown}
 d - a scroll of holy word {unknown}
 j - 3 scrolls of identify {unknown}
Potions
 e - a potion of ambrosia {unknown}
 f - a potion of invisibility {unknown}
 i - a potion of heal wounds {unknown}
 k - a potion of degeneration {unknown}


   Skills:
 + Level 4.1 Fighting
 + Level 4.6 Axes
 + Level 2.5 Armour
 + Level 2.6 Dodging
 + Level 0.6 Stealth


You had 4 spell levels left.
You didn't know any spells.
Your spell library was empty.

Dungeon Overview and Level Annotations

Branches:
Dungeon (3/15)

Altars:

Shops:
D:3 (


Innate Abilities, Weirdness & Mutations

You have sharp fingernails.
You may rarely emit foul miasma when damaged in melee.
You regenerate a little health from kills.


Message History

Something tries to affect you, but you resist.
You hear some strange, mumbled words.
Something tries to affect you, but you resist.
Something hits you.
You closely miss something. Something hits you but does no damage.
Something hits you.
You miss something. Something hits you.
You miss something. Your claw misses something.
Something hits you but does no damage. x2
Your unstable footing causes you to fumble your attack.
Something hits you.
Your unstable footing causes you to fumble your attack.
Something hits you but does no damage. Something hits you.
Your skin crawls.
You feel strong-willed. Something hits you.
You closely miss something. Your claw misses something.
Something hits you but does no damage. Something hits you.
You barely miss something.
You feel the effects of Trog's Hand fading.
You hear a splashing noise.
Something hits you but does no damage.
You miss something. Something hits you.
Your unstable footing causes you to fumble your attack.
You hear some strange, mumbled words.
A puff of flame appears from out of thin air!
The puff of flame hits you!
* * * LOW HITPOINT WARNING * * *
You hear a splashing noise.
You closely miss something.
You are engulfed in a cloud of scalding steam.
Something hits you but does no damage.
You miss something. You claw something. Trog accepts your kill.
Trog appreciates your killing of a magic user.
You hear a splash. x2
Reactivating autopickup.
You feel a bit more experienced.
You are engulfed in a cloud of scalding steam.
You die...

.....?..#.......##
.........#.#.#####
.......#.#.#.###≈♣
#.......)...≈≈P≈≈♣♣♣
..##.#....♣≈♣♣♣P≈≈≈≈≈
# #.#.#.≈†♣≈≈≈≈≈≈P≈≈
..#..)♣≈≈≈≈≈≈♣P≈≈≈
......≈♣≈≈≈≈♣P≈≈≈≈≈
..##..P♣≈≈@))≈P≈≈≈≈≈
#..P≈≈≈≈)≈≈≈≈≈≈≈≈
#..♣P≈≈≈≈≈≈≈≈≈≈≈≈
#...≈P♣≈≈≈P≈≈≈≈≈≈
#....♣≈P≈≈≈≈≈≈≈≈≈
.....#≈♣≈≈≈≈≈≈♣≈≈
######♣≈♣≈≈≈≈≈≈≈≈
#.♣≈≈♣≈≈≈


There were no monsters in sight!

Vanquished Creatures
  An ogre (D:3)
  An orc priest (D:2)
  2 orc wizards
  6 adders
  A worm (D:2)
  A dart slug (D:1)
  6 orcs
  2 ball pythons (D:1)
  4 endoplasms
  3 giant cockroaches
  3 goblins
  3 hobgoblins
  4 jackals (D:2)
  6 kobolds
  5 quokkas
  5 bats
  5 frilled lizards
  2 rats (D:1)
60 creatures vanquished.

Vanquished Creatures (others)
  A rat (D:3)
  17 plants (D:3)
18 creatures vanquished.

Grand Total: 78 creatures vanquished

Notes
Turn   | Place    | Note
-------+----------+-------------------------------------------
     0 | D:1      | cbfl8 the Demonspawn Berserker began the quest for the Orb.
     0 | D:1      | Reached XP level 1. HP: 18/18 MP: 1/1
   126 | D:1      | You fall into a shaft and drop 1 floor!
   261 | D:2      | Gained mutation: You regenerate a little health from kills.
                  | [demonic ancestry]
   261 | D:2      | Reached XP level 2. HP: 19/24 MP: 2/2
   341 | D:2      | Reached XP level 3. HP: 29/29 MP: 3/3
   351 | D:2      | Gained mutation: You have sharp fingernails. [demonic
                  | ancestry]
   351 | D:2      | Reached XP level 4. HP: 37/37 MP: 4/4
   683 | D:1      | Found a faded altar of an unknown god.
   689 | D:1      | Reached ** piety under Trog
  1085 | D:2      | Gained mutation: You may rarely emit foul miasma when
                  | damaged in melee. [demonic ancestry]
  1085 | D:2      | Reached XP level 5. HP: 42/42 MP: 5/5
  1659 | D:3      | Found Losus's Weapon Shoppe.
  1697 | D:3      | Noticed an ogre
  1705 | D:3      | Killed an ogre
  1864 | D:3      | Engulfed by a cloud of steam

Illustrated notes

Levels and vault maps discovered:
D:1:      nzn_arrival_crosshair, layout_basic, basic_ecumenical_altar,
          nicolae_figureground_pulse
D:2:      layout_basic, kennysheep_cross_room, nicolae_elevator_lobby_asterisk
D:3:      layout_rooms, lemuel_doored_altar, serial_shops,
          nicolae_shop_bloodbath_and_beyond, hangedman_feature_mirror,
          nrook_loot_triangle, serial_bayou_lake_a, uniq_ijyb

Skill      XL: |  1  2  3  4  5 |
---------------+----------------+-----
Axes           | 3 4 |  4.6
Armour         | 2 |  2.5
Dodging        | 2 |  2.6
Fighting       | 4 |  4.1
Stealth        | |  0.6

Action                   |  1- 3 |  4- 6 || total
-------------------------+-------+-------++-------
Melee: Hand axe          |    36 |   171 ||   207
       Punch             |     1 |     3 ||     4
Invok: Berserk           |     1 |     2 ||     3
       Trog's Hand       |       |     1 ||     1
  Use: Potion            |       |     3 ||     3
 Stab: Sleeping          |     1 |       ||     1
Armor: Animal skin       |     6 |       ||     6
       Ring mail         |       |    81 ||    81
Dodge: Dodged            |    14 |    99 ||   113
